 Dungeon Crawl Stone Soup version 0.31-a0-192-ga50d7bf3bb (webtiles) character file.

Game seed: 7903024456719552045

74 AvylaarBelgium the Conjurer (level 4, -2/24 HPs)
             Began as a Deep Elf Conjurer on June 24, 2023.
             Slain by a gnoll
             ... wielding a +0 halberd
              (12 damage)
             ... on level 3 of the Dungeon.
             The game lasted 00:01:42 (1468 turns).

AvylaarBelgium the Conjurer (Deep Elf Conjurer)     Turns: 1468, Time: 00:01:43

Health: -2/24      AC:  2    Str:  4    XL:     4   Next: 9%
Magic:  5/12       EV: 12    Int: 25    God:
Gold:   80         SH:  0    Dex: 13    Spells: 9/12 levels left

rFire   . . .        (no weapon)
rCold   . . .        (no shield)
rNeg    . . .        a - +0 robe
rPois   .            (no helmet)
rElec   .            (no cloak)
rCorr   .            (no gloves)
SInv    .            (no boots)
Will    .....        (no amulet)
Stlth   ++           (no ring)
HPRegen 0.24/turn    (no ring)
MPRegen 0.13/turn

%: no passive effects
@: no status effects
A: no striking features
a: no special abilities


You were on level 3 of the Dungeon.
You visited 1 branch of the dungeon, and saw 3 of its levels.

You collected 80 gold pieces.

Inventory:

Armour
 a - a +0 robe (worn)
Jewellery
 e - a +6 ring of dexterity
Scrolls
 d - a scroll of silence {unknown}
 h - a scroll of noise {unknown}
 k - a scroll of poison {unknown}
 l - a scroll of teleportation {unknown}
 m - 2 scrolls of identify {unknown}
Potions
 b - a potion of magic
 c - 2 potions of heal wounds {unknown}
 f - a potion of enlightenment {unknown}
 g - 3 potions of ambrosia {unknown}
 i - a potion of berserk rage {unknown}
 j - a potion of degeneration {unknown}


   Skills:
 - Level 2.4 Dodging
 - Level 2.5 Stealth
 + Level 4.5 Spellcasting
 + Level 5.4 Conjurations


You had 9 spell levels left.
You knew the following spells:

 Your Spells              Type           Power      Damage    Failure   Level
a - Magic Dart            Conj           100%       1d8       1%          1
b - Searing Ray           Conj           66%        2d6       1%          2

Your spell library contained the following spells:

 Spells                   Type           Power      Damage    Failure   Level
 Dazzling Flash           Conj/Hex       38%        N/A       9%          3
 Fulminant Prism          Conj/Hex       9%         3d7       28%         4
 Iskenderun's Mystic Bla  Conj/Tloc      19%        2d6       28%         4


Dungeon Overview and Level Annotations

Branches:
Dungeon (3/15)

Altars:

Shops:
D:2 (


Message History

You climb downwards.
The gnoll shouts! x3
Found a scroll labelled FIQOHO ZIHUAMP and 3 stones.
Found a stone staircase leading up.
There is a stone staircase leading up here.
There are monsters nearby!
Unknown command.
Unknown command.
There is a stone staircase leading up here.
Casting: Searing Ray (safe; 1% risk of failure)
Confirm with . or Enter, or press ? or * to list all spells.
Aiming: Searing Ray (safe; 1% risk of failure)
Press: ? - help, Shift-Dir - straight line, f - gnoll
Aim: a gnoll, wielding a +0 spear (82% to hit)
The searing ray hits the gnoll.
The gnoll is moderately wounded.
The searing ray hits the gnoll.
The gnoll is heavily wounded.
The searing ray misses the gnoll. (Press . to maintain the ray.)
The gnoll hits you from afar with a +0 spear.
Unknown command.
The searing ray hits the gnoll.
The gnoll is severely wounded.
The searing ray misses the gnoll.
The gnoll hits you from afar with a +0 spear!
The searing ray hits the gnoll.
You kill the gnoll!
The searing ray hits the gnoll.
The gnoll is severely wounded.
The searing ray hits the gnoll!
The gnoll is heavily wounded.
You have reached level 4!
You feel clever.
The searing ray misses the gnoll.
The searing ray hits the gnoll.
You kill the gnoll!
You finish channelling your searing ray.
The gnoll hits you from afar with a +0 halberd!
Ouch! That really hurt!
You die...

(..# #..#
#..# #<.#
#..#####.
#g)......
#g#######
#.# #@#
#.......#
#.#####.#
#. #


You could see 2 gnolls.

Vanquished Creatures
  2 gnolls (D:3)
  3 adders (D:2)
  A worm (D:2)
  4 bats
  An endoplasm (D:2)
  2 giant cockroaches
  3 goblins (D:2)
  A hobgoblin (D:2)
  3 jackals (D:2)
  A quokka (D:1)
  3 ball pythons
  5 frilled lizards
  4 kobolds
  5 rats
38 creatures vanquished.

Notes
Turn   | Place    | Note
-------+----------+-------------------------------------------
     0 | D:1      | AvylaarBelgium the Deep Elf Conjurer began the quest for
                  | the Orb.
     0 | D:1      | Reached XP level 1. HP: 10/10 MP: 6/6
   536 | D:1      | Reached XP level 2. HP: 15/15 MP: 6/8
   860 | D:2      | Found Lyefegre's Weapon Emporium.
   869 | D:2      | Reached skill level 5 in Conjurations
   876 | D:2      | Reached XP level 3. HP: 19/19 MP: 0/10
  1309 | D:2      | Learned a level 2 spell: Searing Ray
  1468 | D:3      | Reached XP level 4. HP: 9/24 MP: 6/12
  1468 | D:3      | Slain by a gnoll

Illustrated notes

Levels and vault maps discovered:
D:1:      dpeg_arrival_boxorama, layout_loops_ring, serial_aquarium,
          aquarium_bridge_straight [aquarium_subvault_bridge,
          aquarium_subvault_wall, aquarium_subvault_bridge,
          aquarium_subvault_window], aquarium_window_1, aquarium_window_1,
          aquarium_window_corner, aquarium_view_2d, aquarium_view_2e,
          aquarium_balcony_1a, aquarium_pool_side, minmay_crystal_room,
          minmay_quantized
D:2:      minmay_chambers_of_twos, layout_basic, serial_shops,
          nicolae_shop_crystal, uniq_natasha
D:3:      layout_loops_corners, serial_shops, nicolae_shop_real_fake_doors,
          pf_guarded_unrand_meek, uniq_terence, uniq_sigmund, uniq_jessica,
          uniq_grinder

Skill      XL: |  1  2  3 |
---------------+----------+-----
Conjurations   | 5 |  5.4
Spellcasting   | 4 |  4.5
Dodging        | |  2.4
Stealth        | |  2.5

Action                     |  1- 3 |  4- 6 || total
---------------------------+-------+-------++-------
   Cast: Magic Dart        |    54 |       ||    54
         Searing Ray       |     2 |       ||     2
 Armour: Robe              |     2 |       ||     2
  Dodge: Dodged            |     1 |       ||     1

Table legend: (Time is in decaauts)
 A = Elapsed time spent in this place.
 B = Non-inter-level travel time spent in this place.
 C = Inter-level travel time spent in this place.
 D = Time resting spent in this place.
 E = Time spent auto-exploring this place.
 F = Levels seen in this place.
 G = Mean time per level.
                   A        B        C        D        E       F      G
               +--------+--------+--------+--------+--------+-----+--------+
         Total |   1467 |   1427 |     40 |    251 |   1051 |   3 |  489.0 |
       Dungeon |   1467 |   1427 |     40 |    251 |   1051 |   3 |  489.0 |
               +--------+--------+--------+--------+--------+-----+--------+

Top non-repeatable levels by time:
     D:1: 860 daAuts
     D:2: 598 daAuts
     D:3: 8 daAuts
